 Dungeon Crawl Stone Soup version 0.31-a0-853-gc9b61b78f7 (webtiles) character file.

Game seed: 6155858599739227802

77 BinkBink the Trooper (level 4, -4/29 HPs)
             Began as a Gargoyle Fighter on Oct 8, 2023.
             Slain by a kobold brigand
             ... wielding a +0 whip
              (5 damage)
             ... in a sewer.
             The game lasted 00:02:05 (1995 turns).

BinkBink the Trooper (Gargoyle Fighter)             Turns: 1995, Time: 00:02:05

Health: -4/29      AC: 15    Str: 19    XL:     4   Next: 33%
Magic:  4/4        EV:  9    Int:  9    God:
Gold:   149        SH:  4    Dex: 11    Spells: 3/3 levels left

rFire   . . .        a - +0 flail
rCold   . . .        c - +0 buckler
rNeg    + . .        i - +3 scale mail
rPois   ∞            (no helmet)
rElec   +            (no cloak)
rCorr   .            (no gloves)
SInv    .            (no boots)
Will    .....        (no amulet) Stlth
                     (no ring)
HPRegen 0.24/turn    (no ring)
MPRegen 0.09/turn

%: no passive effects
@: very slow
A: sickness immunity, AC +3, negative energy resistance 1, electricity
resistance, torment resistance 1, petrification resistance, iridescent scales 1
a: no special abilities


You were in a sewer.
You visited 1 branch of the dungeon, and saw 3 of its levels.
You also visited: Sewer.

You collected 149 gold pieces.

Inventory:

Hand Weapons
 a - a +0 flail (weapon)
Armour
 c - a +0 buckler (worn)
 i - a +3 scale mail (worn)
Jewellery
 b - a +5 ring of evasion
Scrolls
 e - 5 scrolls of identify {unknown}
 f - a scroll of blinking {unknown}
 g - a scroll of brand weapon {unknown}
 h - a scroll of silence {unknown}
Potions
 d - a potion of might


   Skills:
 + Level 3.7 Fighting
 * Level 3.1 Maces & Flails
 + Level 3.6 Armour
 + Level 1.0 Dodging
 + Level 3.7 Shields


You had 3 spell levels left.
You didn't know any spells.
Your spell library contained the following spells:

 Spells                   Type           Power      Damage    Failure   Level
 Apportation              Tloc           0%         N/A       83%         1
 Necrotise                Necr           0%         1d4       83%         1
 Summon Small Mammal      Summ           0%         N/A       83%         1
 Ensorcelled Hibernation  Hex/Ice        0%         N/A       92%         2
 Jinxbite                 Hex            0%         N/A       92%         2
 Anguish                  Hex/Necr       0%         N/A       100%        4


Dungeon Overview and Level Annotations

Branches:
Dungeon (3/15)              Sewer (1/1)

Altars:


Innate Abilities, Weirdness & Mutations

You are immune to sickness and miasma.
Your stone body is resilient. (AC +3)
You are immune to poison.
You resist negative energy. (rN+)
You are resistant to electric shocks. (rElec)
You are resistant to unholy torment.
You are immune to petrification.
You are partially covered in iridescent scales. (AC +2)


Message History

Your unstable footing causes you to fumble your attack.
The kobold brigand hits you with a +0 whip.
* * * LOW HITPOINT WARNING * * *
You hit the kobold brigand.
The kobold brigand is almost dead.
You block the kobold brigand's attack.
The kobold brigand hits you but does no damage.
Your unstable footing causes you to fumble your attack.
The kobold brigand hits you but does no damage.
Your unstable footing causes you to fumble your attack.
The kobold brigand splashes around in the water.
You closely miss the kobold brigand.
The kobold brigand is almost dead.
The kobold brigand hits you with a +0 whip.
* * * LOW HITPOINT WARNING * * *
Your unstable footing causes you to fumble your attack.
The kobold brigand barely misses you.
The kobold brigand completely misses you.
Your unstable footing causes you to fumble your attack.
The kobold brigand hits you but does no damage.
It was a potion of mutation.
You feel extremely strange.
Iridescent scales grow over part of your body.
The kobold brigand barely misses you.
You hit the kobold brigand.
The kobold brigand is almost dead.
You block the kobold brigand's attack.
Your unstable footing causes you to fumble your attack.
The kobold brigand splashes around in the water. x2
You barely miss the kobold brigand.
The kobold brigand is almost dead.
The kobold brigand hits you with a +0 whip.
* * * LOW HITPOINT WARNING * * *
Your unstable footing causes you to fumble your attack.
The kobold brigand hits you but does no damage.
Your unstable footing causes you to fumble your attack.
The kobold brigand hits you but does no damage.
You barely miss the kobold brigand.
The kobold brigand is almost dead.
The kobold brigand hits you with a +0 whip.
You die...

#..~.~~.# #..~Kh~~#
#~~≈≈≈~K# #.~≈≈≈K~#
#~~≈≈≈~.# #.~~≈~~.#
#.~~≈~..#
#.~K≈~..##################
#..h≈~~KK@~~~~~~~~~~~~~~~~
#..~≈~..##################
##.~≈~~## #.~≈~.#
###.~≈≈.# #∩..~≈~.#
###.~≈~.# #.~≈~.# ##~≈~##


You could see a kobold brigand, a jackal and 2 kobolds.

Vanquished Creatures
  An adder (D:2)
  2 worms (D:3)
  6 ball pythons
  5 bats
  2 endoplasms
  2 giant cockroaches
  2 hobgoblins (D:1)
  11 jackals
  5 kobolds
  2 quokkas (D:2)
  5 frilled lizards
  2 goblins
  A jackal zombie (D:3)
  A quokka skeleton (D:3)
  10 rats
57 creatures vanquished.

Notes
Turn   | Place    | Note
-------+----------+-------------------------------------------
     0 | D:1      | BinkBink the Gargoyle Fighter began the quest for the Orb.
     0 | D:1      | Reached XP level 1. HP: 14/14 MP: 1/1
   165 | D:1      | Reached XP level 2. HP: 19/19 MP: 2/2
   547 | D:1      | Reached XP level 3. HP: 23/23 MP: 3/3
  1860 | D:3      | Found a glowing drain.
  1870 | D:3      | Reached XP level 4. HP: 29/29 MP: 4/4
  1900 | Sewer    | Entered a sewer
  1904 | Sewer    | Reached skill level 1 in Dodging
  1958 | Sewer    | Noticed a kobold brigand
  1989 | Sewer    | Gained mutation: You are partially covered in iridescent
                  | scales. (AC +2) [potion of mutation]
  1992 | Sewer    | HP: 1/29 [kobold brigand/+0 whip (3)]
  1995 | Sewer    | Slain by a kobold brigand

Illustrated notes

Levels and vault maps discovered:
D:1:      kilobyte_arrival_exit_the_forest, layout_loops_ring,
          minmay_gold_behind_fungi, patterned_corridor
D:2:      layout_basic
D:3:      layout_loops_ring, serial_undead, serial_undead_f, serial_undead_f,
          serial_undead_f, serial_undead_c, cheibrodos_sewer_entry_drain
Sewer:    sewer_kobolds

Skill      XL: |  1  2  3  4 |
---------------+-------------+-----
Maces & Flails | 3 |  3.1
Dodging        | 1 |  1.0
Fighting       | |  3.7
Armour         | |  3.6
Shields        | |  3.7

Action                     |  1- 3 |  4- 6 || total
---------------------------+-------+-------++-------
  Melee: Flail             |   125 |    63 ||   188
    Use: Potion            |       |     1 ||     1
 Armour: Scale mail        |   108 |    72 ||   180
  Dodge: Dodged            |    79 |    58 ||   137
  Block: Buckler           |    32 |    17 ||    49

Table legend: (Time is in decaauts)
 A = Elapsed time spent in this place.
 B = Non-inter-level travel time spent in this place.
 C = Inter-level travel time spent in this place.
 D = Time resting spent in this place.
 E = Time spent auto-exploring this place.
 F = Levels seen in this place.
 G = Mean time per level.
                   A        B        C        D        E       F      G
               +--------+--------+--------+--------+--------+-----+--------+
         Total |   2081 |   1931 |    150 |      0 |   1541 |   4 |  520.2 |
       Dungeon |   1958 |   1808 |    150 |      0 |   1483 |   3 |  652.7 |
         Sewer |    122 |    122 |      0 |      0 |     57 |   1 |  122.0 |
               +--------+--------+--------+--------+--------+-----+--------+

Top non-repeatable levels by time:
     D:1: 1045 daAuts
     D:2: 862 daAuts
   Sewer: 122 daAuts
     D:3: 50 daAuts
